 Dungeon Crawl Stone Soup version 0.27-a0-604-g29a88b33a7 (webtiles) character file.

Game seed: 16743712819154521717

44 EnegeticOcto the Twirler (level 3, -7/24 HPs)
             Began as a Halfling Gladiator on Mar 12, 2021.
             Mangled by a worm (9 damage)
             ... on level 2 of the Dungeon.
             The game lasted 00:02:15 (351 turns).

EnegeticOcto the Twirler (Halfling Gladiator)        Turns: 351, Time: 00:02:15

Health: -7/24      AC:  4    Str: 15    XL:     3   Next: 87%
Magic:  12/12      EV: 15    Int:  7    God:
Gold:   32         SH:  0    Dex: 15    Spells: 2/2 levels left

rFire    . . .     SeeInvis .   a - +0 quarterstaff
rCold    . . .     Faith    .   (shield currently unavailable)
rNeg     . . .     Spirit   .   b - +0 leather armour
rPois    .         Reflect  .   c - +0 helmet
rElec    .         Harm     .   (no cloak)
rCorr    .         Rampage  .   (no gloves)
Will     .....                  (no boots)
Stlth    +.........             (no amulet)
HPRegen  0.08/turn              i - ring of magical power
MPRegen  0.13/turn              (no ring)

@: no status effects
A: small, mutation resistance 1
a: no special abilities


You were on level 2 of the Dungeon.
You visited 1 branch of the dungeon, and saw 2 of its levels.

You collected 32 gold pieces.

Inventory:

Hand Weapons
 a - a +0 quarterstaff (weapon)
Missiles
 d - 3 throwing nets {!f}
 f - 13 poisoned darts (quivered)
Armour
 b - a +0 leather armour (worn)
 c - a +0 helmet (worn)
Jewellery
 i - a ring of magical power (right hand)
   (You found it on level 1 of the Dungeon)
Scrolls
 h - a scroll of identify {unknown}
 k - a scroll of amnesia {unknown}
 l - 3 scrolls of blinking {unknown}
 m - a scroll of fog {unknown}
Potions
 e - a potion of curing {unknown}
 g - 2 potions of heal wounds {unknown}
 j - a potion of flight {unknown}
 n - a potion of invisibility {unknown}


   Skills:
 - Level 1.7 Fighting
 + Level 3.7 Staves
 - Level 2.0 Throwing
 - Level 3.2 Dodging


You had 2 spell levels left.
You didn't know any spells.
Your spell library was empty.

Dungeon Overview and Level Annotations

Branches:
Dungeon (2/15)

Altars:


Innate Abilities, Weirdness & Mutations

You are small and have problems with some larger weapons.
You are somewhat resistant to further mutation.


Message History

Throw: 12 darts (poison)
Press: ? - help, Q - select action, (/) - cycle Shift-Dir - straight line, f - Jessica
Aim: Jessica, wielding a +0 dagger and wearing a +0 robe (fast, 59% to hit)
You throw a poisoned dart. The poisoned dart hits Jessica.
Jessica is poisoned.
The bat hits you but does no damage. The bat closely misses you.
Jessica hits you but does no damage. The bat hits you but does no damage.
You see here a bubbling orange potion.
You barely miss the bat. The bat misses you. x2
Throw: 11 darts (poison)
Press: ? - help, Q - select action, (/) - cycle Shift-Dir - straight line, f/p - Jessica
Aim: Jessica, wielding a +0 dagger and wearing a +0 robe (fast, poisoned, 59% to hit)
You throw a poisoned dart.
The poisoned dart barely misses Jessica.
Jessica looks more healthy.
The bat misses you.
You hit Jessica but do no damage. Jessica closely misses you.
You sock Jessica!
Jessica is almost dead.
Jessica completely misses you. Jessica misses you.
You sock Jessica!
You kill Jessica!
The bat barely misses you.
You have reached level 3!
Your experience leads to an increase in your attributes!
Increase (s)trength, (i)ntelligence, or (d)exterity?
You feel clever.
You sock the bat!
You kill the bat!
You see here a bat corpse.
n - a bubbling orange potion
Things that are here:
a +0 dagger; a +0 robe; the human corpse of Jessica
f - 11 poisoned darts (gained 1) Unknown command.
You now have 32 gold pieces (gained 8).
f - 12 poisoned darts (gained 1)
f - 13 poisoned darts (gained 1)
f - 15 poisoned darts (gained 2)
Found a stone staircase leading up.
There is a stone staircase leading up here.
You climb upwards.
There is a stone staircase leading down here.
There is a stone staircase leading down here.
A kobold comes into view.
Found a leather armour.
The kobold shouts!
A kobold comes into view.
You barely miss the kobold. The kobold barely misses you.
You hit the kobold.
The kobold is moderately wounded.
The kobold hits you. The kobold barely misses you.
You barely miss the kobold.
The kobold is moderately wounded.
The kobold hits you.
You closely miss the kobold.
The kobold is moderately wounded.
The kobold misses you.
You barely miss the kobold.
The kobold is moderately wounded.
The kobold hits you but does no damage.
You hit the kobold.
You kill the kobold!
A dart slug comes into view.
Things that are here:
a stone; a kobold corpse
Things that are here:
a stone; a kobold corpse
There is a stone staircase leading down here.
You climb downwards.
There is a stone staircase leading up here.
A worm comes into view.
You hit the worm.
The worm is lightly wounded.
The worm bites you.
* * * LOW HITPOINT WARNING * * *
You hit the worm but do no damage. The worm bites you.
* * * LOW HITPOINT WARNING * * *
You hit the worm but do no damage. The worm barely misses you.
Throw: 15 darts (poison)
Press: ? - help, Q - select action, (/) - cycle Shift-Dir - straight line, f - worm
Aim: a worm (78% to hit)
You throw a poisoned dart. The poisoned dart hits the worm.
The worm is poisoned.
Throw: 14 darts (poison)
Press: ? - help, Q - select action, (/) - cycle Shift-Dir - straight line, f/p - worm
Aim: a worm (lightly wounded, poisoned, 78% to hit)
You throw a poisoned dart.
The poisoned dart barely misses the worm.
You barely miss the worm.
The worm is lightly wounded.
The worm misses you.
You hit the worm.
The worm is moderately wounded.
You hit the worm.
The worm is heavily wounded.
The worm closely misses you.
You barely miss the worm.
The worm is heavily wounded.
The worm bites you!
You die...

#.# #....#....# #.#
#.##...##.# #.#
#.###.###.# # #.##
#.##...##.#.#
...####.#.....#.#.#
##.....†[.........#
#......#.....#.###
##.#######...##.#########.
...# ##.###.@w(.......
..## #.# ############ ..#
#.# #.#########.#
#....<......#
#############


You could see a worm (poisoned).

Vanquished Creatures
  Jessica (D:2)
  4 giant cockroaches
  A goblin (D:2)
  3 hobgoblins
  3 kobolds (D:1)
  3 bats
  A rat (D:1)
16 creatures vanquished.

Vanquished Creatures (others)
  A withered plant (D:2)
1 creature vanquished.

Grand Total: 17 creatures vanquished

Notes
Turn   | Place    | Note
-------+----------+-------------------------------------------
     0 | D:1      | EnegeticOcto the Halfling Gladiator began the quest for the
                  | Orb.
     0 | D:1      | Reached XP level 1. HP: 14/14 MP: 1/1
    93 | D:1      | Reached XP level 2. HP: 19/19 MP: 2/2
   126 | D:1      | Reached skill level 3 in Staves
   246 | D:2      | Noticed Jessica
   263 | D:2      | Killed Jessica
   264 | D:2      | Reached XP level 3. HP: 9/24 MP: 3/3
   342 | D:2      | HP: 1/24 [worm (6)]
   351 | D:2      | Mangled by a worm

Illustrated notes

Levels and vault maps discovered:
D:1:      dpeg_arrival_water_altar, layout_rooms, minmay_misc_feat_enclosed
D:2:      layout_loops_ring, marbit_many_paths, kiku_gazebo_garden_becter,
          chequers_serial_rivers_micro_c, uniq_terence, uniq_crazy_yiuf_cottage,
          uniq_jessica

Skill      XL: |  1  2 |
---------------+-------+-----
Staves         | 3 |  3.7
Fighting       | |  1.7
Throwing       | |  2.0
Dodging        | |  3.2

Action                   || total
-------------------------++-------
Melee: Quarterstaff      ||    56
Throw: Dart              ||     7
Armor: Leather armour    ||    17
Dodge: Dodged            ||    68

Table legend: (Time is in decaauts)
 A = Elapsed time spent in this place.
 B = Non-inter-level travel time spent in this place.
 C = Inter-level travel time spent in this place.
 D = Time resting spent in this place.
 E = Time spent auto-exploring this place.
 F = Levels seen in this place.
 G = Mean time per level.
                   A        B        C        D        E       F      G
               +--------+--------+--------+--------+--------+-----+--------+
         Total |    358 |    358 |      0 |      0 |      0 |   2 |  179.0 |
       Dungeon |    358 |    358 |      0 |      0 |      0 |   2 |  179.0 |
               +--------+--------+--------+--------+--------+-----+--------+

Top non-repeatable levels by time:
     D:1: 192 daAuts
     D:2: 166 daAuts
